Cogmind - Beta 16 @@@ ROGUE MODE // 2025.12.26 @ 00:29:51 Player: Skergy Result: Destroyed by G-73 Enforcer with Heavy Laser Performance ------------- Evolutions (9) 4500 Regions Visited (11) 2200 Robots Destroyed (28) 140 Value Destroyed (766) 766 Prototype IDs (16) 320 Alien Tech Used (0) 0 Bonus (840) 840 TOTAL SCORE: 8766 Bonus ------- Follower Combat Kills 40 Entered DSFs 500 Registered with UFD 300 Cogmind --------- Core Integrity 0/1600 Matter 0/300 Energy 100/100 System Corruption 11% Temperature Cool (9) Movement Core (50) Location -1/Access Parts ------- > --- POWER (2) -------- (None) > --- PROPULSION (5) --- (None) > --- UTILITY (15) ----- (None) > --- WEAPON (3) ------- (None) > --- INVENTORY (5) ---- Improved VSS Leg Myomer Leg Medium Storage Unit Improved Remote Datajack Power Sword Peak State ------------ > --- POWER ------------ Improved Fusion Compressor Particle Reactor > --- PROPULSION ------- Improved VSS Leg Myomer Leg VTOL Module VTOL Module > --- UTILITY ---------- Advanced Coolant Injector Compact Battery Enhanced Optical Array Improved Propulsion Shielding Advanced Focal Shield Hardlight Generator Improved Hacking Suite Drone Bay Advanced Drone Bay > --- WEAPON ----------- Improved Arc Projector Improved Remote Datajack > --- INVENTORY -------- Disruptor Cannon Long-range Missile Launcher Long-range Missile Launcher Great Maul Power Sword [Rating: 95] Favorites ----------- Power Fission Core Engine Ion Engine Power Core Fission Core Reactor Particle Reactor Propulsion VTOL Module Treads Light Treads Leg Aluminum Leg Hover Unit Gyrokinetic Inverter Flight Unit VTOL Module Utility Large Storage Unit Device Advanced Coolant Injector Storage Large Storage Unit Processor Signal Interpreter Hackware Improved Hacking Suite Protection Utility Shielding Weapon Shotgun Energy Gun Improved Arc Projector Ballistic Gun Shotgun Ballistic Cannon Graviton Cannon Launcher Mini Grenade Launcher Special Weapon Improved Remote Datajack Slashing Weapon Power Sword Build | -11 -10 -10 -7 -5 -4 -4 -4 -3 -2 -2 -1 ------- Run | Yrd Mat Sub Scr Fac Fac Upp Upp Res Res DSF Acc Slots Evolved 18 | . . . . 10 2 . . 2 2 . 2 Power 1 | . . . . 1 . . . . . . . Propulsion 3 | . . . . 2 . . . . . . 1 Utility 13 | . . . . 7 2 . . 1 2 . 1 Weapon 1 | . . . . . . . . 1 . . . Parts Attached 75 | 7 7 3 5 16 7 10 1 6 4 . 9 Power 7 | 2 1 . 1 . . 1 . 2 . . . Engine 2 | 2 . . . . . . . . . . . Core 3 | . 1 . 1 . . 1 . . . . . Reactor 2 | . . . . . . . . 2 . . . Propulsion 33 | 2 . 2 4 10 2 2 . 2 2 . 7 Treads 10 | 2 . . 4 2 . . . . . . 2 Leg 5 | . . 2 . . 2 1 . . . . . Wheel . | . . . . . . . . . . . . Hover 6 | . . . . . . . . . 2 . 4 Flight 12 | . . . . 8 . 1 . 2 . . 1 Utility 23 | 1 3 . . 4 4 5 1 2 2 . 1 Device 10 | . . . . 2 3 2 1 1 . . 1 Storage 4 | 1 1 . . . . 1 . . 1 . . Processor 5 | . 1 . . 1 1 . . 1 1 . . Hackware 1 | . . . . . . 1 . . . . . Protection 3 | . 1 . . 1 . 1 . . . . . Artifact . | . . . . . . . . . . . . Weapon 12 | 2 3 1 . 2 1 2 . . . . 1 Energy Gun 3 | 1 1 . . . . 1 . . . . . Energy Cannon . | . . . . . . . . . . . . Ballistic Gun 3 | 1 1 . . 1 . . . . . . . Ballistic Cannon 1 | . . . . . . . . . . . 1 Launcher 1 | . 1 . . . . . . . . . . Special Weapon 3 | . . 1 . 1 . 1 . . . . . Impact Weapon . | . . . . . . . . . . . . Slashing Weapon 1 | . . . . . 1 . . . . . . Piercing Weapon . | . . . . . . . . . . . . Special Melee Weapon . | . . . . . . . . . . . . Unidentified Prototypes 2 | . . . . . . . . . . . 2 Parts Lost 41 | . 4 2 . 20 2 . . 5 . 4 4 Power 3 | . . 1 . 2 . . . . . . . Propulsion 20 | . 1 1 . 8 1 . . 4 . 2 3 Utility 11 | . . . . 6 1 . . 1 . 2 1 Weapon 7 | . 3 . . 4 . . . . . . . Highest Loss Streak 10 | . 2 1 . 10 1 . . 5 . 4 2 To Critical Strikes 1 | . . 1 . . . . . . . . . Average Backups 8 | 3 8 9 13 7 4 3 5 4 4 4 5 Power 1 | . 1 2 1 . . . . . . . . Propulsion 3 | 2 4 4 3 1 2 . . . 2 2 2 Utility 1 | . . 1 3 2 1 . . . . 1 1 Weapon 2 | . . 1 3 2 . 3 5 3 1 1 1 Tool/Special . | . . . . . . . . . . . . Unused Backups 12 | . 1 . 3 4 . . . 4 . . . Power . | . . . . . . . . . . . . Propulsion 5 | . 1 . 3 1 . . . . . . . Utility . | . . . . . . . . . . . . Weapon 7 | . . . . 3 . . . 4 . . . Tool/Special . | . . . . . . . . . . . . Average Slot Usage (%) 74 | . 90 91 90 49 19 68 82 54 15 18 6 Core 8 | . 12 7 12 2 . 4 5 2 . . . Treads 11 | . 20 . 17 13 . . . . . . . Leg 4 | . . 26 2 . 6 9 10 4 . . . Flight 2 | . . . . 2 5 9 10 8 . . . Device 4 | . . . . 4 5 19 25 13 . . 1 Storage 9 | . 14 14 14 3 . 3 5 2 . . . Processor 7 | . . 14 14 8 . 5 5 4 4 4 . Protection 3 | . 11 . . 3 . 4 5 2 . . . Energy Gun 2 | . 8 . . . . 4 5 2 . . . Ballistic Gun 8 | . 13 14 14 3 . . . . . . . Launcher 7 | . 5 14 14 2 . . . . . . . Peak Build Rating 95 | 6 11 12 27 60 40 82 85 95 38 42 52 Average Rating 26 | 4 9 10 16 36 19 73 84 63 24 21 14 On Entrance 25 | . 6 11 9 27 4 24 82 85 13 37 2 Avg Prop Armor Cover (%) 6 | . . . 11 8 24 1 2 2 . . 6 Naked Turns 123 | . . . . 5 . . . . . 18 100 Heaviest Build 62 | 14 30 29 34 52 4 39 44 62 18 22 2 Greatest Support 150 | 40 40 20 50 93 15 40 40 40 21 21 150 Greatest Overweight (x) 11 | 2 1 1 11 2 . . 1 2 . 1 . Average Overweight (x) . | . . 1 . . . . . . . . . Largest Inventory Capacity 15 | 8 15 15 15 15 5 5 5 5 10 5 5 Average Capacity 11 | 6 12 15 15 10 5 5 5 5 5 5 5 Most Carried 15 | 4 12 11 15 14 5 5 5 5 5 5 5 Average Carried 9 | 3 8 9 13 7 4 3 5 4 4 4 5 Final Capacity 15 | 8 15 15 15 5 5 5 5 5 5 5 5 Final Carried 15 | 4 11 9 15 4 5 5 5 5 5 5 5 Scrap Suit Usage (%) 2 | . . . . 37 . . . . . . . Parts Cannibalized 2 | . . . . 2 . . . . . . . Class Distribution -------------------- 81% | Mutant 16% | Derelict-Mutant Dominant Class ---------------- Mutant | -10/Materials Mutant | -10/Subcaves Mutant | -7/Scraptown Mutant | -5/Factory Mutant | -4/Factory Derelict-Mutant | -4/Upper Caves Derelict-Mutant | -4/Upper Caves Derelict-Mutant | -3/Research Mutant | -2/Research Mutant | -2/DSF Mutant | -1/Access Resources | -11 -10 -10 -7 -5 -4 -4 -4 -3 -2 -2 -1 ----------- Run | Yrd Mat Sub Scr Fac Fac Upp Upp Res Res DSF Acc Matter Collected 1321 | 267 209 85 87 57 181 286 45 . . 104 . Remotely . | . . . . . . . . . . . . Salvage Created 735 | . 533 77 . 57 39 . . . . . 29 Parts 55 | . 38 5 . 4 3 . . . . . 5 Haulers Intercepted . | . . . . . . . . . . . . Recyclers Shooed . | . . . . . . . . . . . . Parts Field Recycled . | . . . . . . . . . . . . Retrieved Matter . | . . . . . . . . . . . . Parts Self-Destructed 6 | . . 2 . . . 4 . . . . . Prevented . | . . . . . . . . . . . . Parts Restored . | . . . . . . . . . . . . Kills | -11 -10 -10 -7 -5 -4 -4 -4 -3 -2 -2 -1 ------- Run | Yrd Mat Sub Scr Fac Fac Upp Upp Res Res DSF Acc Combat Hostiles Destroyed 24 | . 16 7 . 1 . . . . . . . Guns 16 | . 13 2 . 1 . . . . . . . AOE 8 | . 3 5 . . . . . . . . . Classes Destroyed 7 | . 3 1 . 1 . . . . . . 2 Worker 1 | . . . . . . . . . . . 1 Builder 1 | . . . . . . . . . . . 1 Watcher 2 | . 1 . . . 1 . . . . . . Swarmer 9 | . 6 3 . . . . . . . . . Grunt 10 | . 10 . . . . . . . . . . Sentry 1 | . . . . 1 . . . . . . . Subdweller 4 | . . 4 . . . . . . . . . Best Kill Streak 3 | . 3 3 . 1 1 . . . . . 2 Combat Bots Only 3 | . 3 3 . 1 . . . . . . . Max Kills in Single Turn 2 | . 1 2 . 1 1 . . . . . 1 Gunslinging . | . . . . . . . . . . . . Exploded 2 | . 1 2 . . . . . . . . . Melee . | . . . . . . . . . . . . Uniques/NPCs Destroyed . | . . . . . . . . . . . . Combat | -11 -10 -10 -7 -5 -4 -4 -4 -3 -2 -2 -1 -------- Run | Yrd Mat Sub Scr Fac Fac Upp Upp Res Res DSF Acc Hostile Shots Fired 680 | . 67 34 . 233 52 21 3 69 . 77 124 Missed 291 | . 14 6 . 104 20 8 1 48 . 30 60 Hits 389 | . 53 28 . 129 32 13 2 21 . 47 64 Melee 16 | . . . . . . . . . . 12 4 Projectile 373 | . 53 28 . 129 32 13 2 21 . 35 60 AOE 4 | . . . . . . . . . . 3 1 Critical Strikes 22 | . . 1 . 7 1 1 . . . 7 5 Damage Taken 8190 | . 582 627 . 2436 637 206 28 441 . 1257 1976 Core 4324 | . 60 180 . 866 340 13 . 248 . 1014 1603 Absorbed by Shields . | . . . . . . . . . . . . Redirected to Shielding 72 | . 8 . . 43 . 11 10 . . . . Regen/Repaired (Parts) 12 | . . . . 12 . . . . . . . Core Remaining (%) 49 | 100 . . 4 13 . . 69 80 . 30 . Volleys Fired 84 | . 45 17 . 7 . 5 . . . 4 6 Largest 2 | . 2 2 . 2 . 1 . . . 1 1 Hottest 65 | . 60 53 . 53 . 65 . . . 7 58 Shots Fired 138 | . 81 28 . 14 . 5 . . . 4 6 Gun 111 | . 78 15 . 14 . 4 . . . . . Cannon 6 | . . . . . . . . . . . 6 Launcher 16 | . 3 13 . . . . . . . . . Special 5 | . . . . . . 1 . . . 4 . Kinetic 77 | . 42 15 . 14 . . . . . . 6 Thermal . | . . . . . . . . . . . . Explosive 16 | . 3 13 . . . . . . . . . Electromagnetic 40 | . 36 . . . . 4 . . . . . Robot Hit Streak 9 | . 6 5 . 7 . 2 . . . 6 9 Robot Miss Streak 6 | . 3 6 . 1 . 1 . . . . 3 Penetration Max . | . . . . . . . . . . . . Secondary Targets 2 | . 2 . . . . . . . . . . Max Gunslinging Chain 1 | . 1 . . . . . . . . . . Shots Hit Robots 87 | . 45 19 . 12 1 3 . . . 4 3 Core Hits 52 | . 27 10 . 6 1 2 . . . . 6 Critical Kills . | . . . . . . . . . . . . Critical Parts Destroyed . | . . . . . . . . . . . . Critical Strikes 1 | . 1 . . . . . . . . . . Corrupt 1 | . 1 . . . . . . . . . . Melee Attacks 1 | . . . . . 1 . . . . . . Impact . | . . . . . . . . . . . . Slashing 1 | . . . . . 1 . . . . . . Piercing . | . . . . . . . . . . . . Sneak Attacks . | . . . . . . . . . . . . Combat Hostiles . | . . . . . . . . . . . . Follow-up Attacks . | . . . . . . . . . . . . Damage Inflicted 2768 | . 768 1050 . 240 51 24 . . . . 635 Guns 971 | . 561 146 . 240 . 24 . . . . . Cannons 207 | . . . . . . . . . . . 207 Explosions 1522 | . 207 904 . . . . . . . . 411 Melee 51 | . . . . . 51 . . . . . . Ramming 17 | . . . . . . . . . . . 17 Kinetic 839 | . 246 146 . 240 . . . . . . 207 Thermal . | . . . . . . . . . . . . Explosive 1522 | . 207 904 . . . . . . . . 411 Electromagnetic 339 | . 315 . . . . 24 . . . . . Impact . | . . . . . . . . . . . . Slashing 51 | . . . . . 51 . . . . . . Piercing . | . . . . . . . . . . . . Highest Corruption 11 | . . . . 3 . . . 1 . 3 11 Average Corruption 4 | . . . . 2 . . . 1 . 2 6 Corruption Purged . | . . . . . . . . . . . . Corruption Blocked . | . . . . . . . . . . . . Effects 8 | . . . . 2 . . . 1 . . 5 Message Errors 1 | . . . . . . . . . . . 1 Matter Fused 3 | . . . . . . . . 1 . . 2 Heat Flow Errors 1 | . . . . 1 . . . . . . . Energy Discharges 1 | . . . . 1 . . . . . . . Data Loss (minor) 1 | . . . . . . . . . . . 1 Misdirections 1 | . . . . . . . . . . . 1 Overload Shots . | . . . . . . . . . . . . Overflow Damage 35 | . 18 9 . . . . . . . . 8 Projectiles . | . . . . . . . . . . . . Explosions 35 | . 18 9 . . . . . . . . 8 Melee . | . . . . . . . . . . . . Knockbacks 2 | . . . . . . . . . . . 2 Impact . | . . . . . . . . . . . . Kinetic 2 | . . . . . . . . . . . 2 Secondary . | . . . . . . . . . . . . Self-Inflicted Damage 295 | . . 86 . 99 . . . . . . 110 Shots 5 | . . 3 . 1 . . . . . . 1 Rammed 2 | . . . . . . . . . . . 2 Targets Rammed 2 | . . . . . . . . . . . 2 Kicked . | . . . . . . . . . . . . Crushed . | . . . . . . . . . . . . Highest Temperature 170 | . 102 . . 170 6 72 . . . . . Average Temperature 37 | . 35 . . 81 6 38 . . . . . Received Heat Transfer 1099 | . 267 114 . 510 88 . . 21 . . 99 Siege Activations . | . . . . . . . . . . . . Martial Activations . | . . . . . . . . . . . . Shielding Activations . | . . . . . . . . . . . . Robots Disrupted 1 | . . . . . . 1 . . . . . Combat Hostiles 1 | . . . . . . 1 . . . . . Robots Corrupted . | . . . . . . . . . . . . Combat Hostiles . | . . . . . . . . . . . . Parts Fried . | . . . . . . . . . . . . Impact Corruptions . | . . . . . . . . . . . . Robots Melted . | . . . . . . . . . . . . Combat Hostiles . | . . . . . . . . . . . . Parts Melted . | . . . . . . . . . . . . Heat Transferred . | . . . . . . . . . . . . Parts Sabotaged . | . . . . . . . . . . . . Parts Stolen . | . . . . . . . . . . . . Parts Stripped . | . . . . . . . . . . . . Power Chain Reactions . | . . . . . . . . . . . . Alert | -11 -10 -10 -7 -5 -4 -4 -4 -3 -2 -2 -1 ------- Run | Yrd Mat Sub Scr Fac Fac Upp Upp Res Res DSF Acc Maximum Alert Level 1 | . . . . 1 . . . 1 . . . Low Security (%) 99 | 100 100 . . 99 100 . . 97 100 100 100 Level 1 . | . . . . . . . . 2 . . . Level 2 . | . . . . . . . . . . . . Level 3 . | . . . . . . . . . . . . Level 4 . | . . . . . . . . . . . . Level 5 . | . . . . . . . . . . . . High Security . | . . . . . . . . . . . . Max Security . | . . . . . . . . . . . . Peak Influence 245 | . 124 . . 220 128 . . 245 132 71 103 Initial 132 | . . . . . 107 . . . 132 71 18 Average 52 | . 61 . . 54 85 . . 24 116 51 24 Influence Increases 1654 | . 492 70 . 496 91 42 . 285 3 . 175 Destroy 0b10 Robot/C 440 | . 320 60 . 20 . 40 . . . . . Destroy 0b10 Robot/NC 20 | . 5 . . . 5 . . . . . 10 Destroy Leader 84 | . 62 10 . 10 2 . . . . . . Allied During Kill 2 | . . . . . . 2 . . . . . Successful Hack 82 | . 28 . . . 24 . . . 3 . 27 Disable Machine 30 | . . . . 15 . . . . . . 15 Destroy Structure 81 | . 17 . . 46 . . . . . . 18 Partial Spotted 30 | . . . . 15 . . . . . . 15 Lose Combat Pursuer 885 | . 60 . . 390 60 . . 285 . . 90 Influence Decreases 1569 | . 479 83 . 276 193 160 . 50 143 64 121 Entered New Map 305 | . . 7 . . 113 45 . . 103 24 13 Time Decay 953 | . 439 76 . 100 60 105 . 30 40 . 103 Lost Part 301 | . 40 . . 176 20 . . 20 . 40 5 Lost Ally 10 | . . . . . . 10 . . . . . Squads Dispatched 19 | . 2 . . 7 3 . . 3 . 1 3 Investigation 7 | . 2 . . 2 3 . . . . . . Extermination 4 | . . . . 1 . . . 1 . . 2 Reinforcement 6 | . . . . 2 . . . 2 . 1 1 Assault . | . . . . . . . . . . . . Garrison 2 | . . . . 2 . . . . . . . Intercept . | . . . . . . . . . . . . Searches Triggered . | . . . . . . . . . . . . Construction Impeded . | . . . . . . . . . . . . Haulers Reinforced . | . . . . . . . . . . . . Active Scanning Responses . | . . . . . . . . . . . . Cargo Convoy Interrupts . | . . . . . . . . . . . . Stealth | -11 -10 -10 -7 -5 -4 -4 -4 -3 -2 -2 -1 --------- Run | Yrd Mat Sub Scr Fac Fac Upp Upp Res Res DSF Acc Distress Signals 6 | . 2 . . . . . . 4 . . . Communications Jammed . | . . . . . . . . . . . . Distress Signals . | . . . . . . . . . . . . Times Spotted 146 | . 23 8 . 46 16 3 3 27 . 6 14 Peak Tracking Total 17 | . 3 3 . 14 9 3 3 17 . 6 6 Tactical Retreats 15 | . 2 . . 6 1 . . 3 . . 3 Traps | -11 -10 -10 -7 -5 -4 -4 -4 -3 -2 -2 -1 ------- Run | Yrd Mat Sub Scr Fac Fac Upp Upp Res Res DSF Acc Traps Triggered 3 | . 2 . . 1 . . . . . . . Indirectly . | . . . . . . . . . . . . Trap Hack Attempts . | . . . . . . . . . . . . Triggered . | . . . . . . . . . . . . Disarmed . | . . . . . . . . . . . . Reprogrammed . | . . . . . . . . . . . . Reused . | . . . . . . . . . . . . Traps Extracted . | . . . . . . . . . . . . Installed . | . . . . . . . . . . . . Triggered . | . . . . . . . . . . . . Machines | -11 -10 -10 -7 -5 -4 -4 -4 -3 -2 -2 -1 ---------- Run | Yrd Mat Sub Scr Fac Fac Upp Upp Res Res DSF Acc Machines Disabled 2 | . . . . 1 . . . . . . 1 Max in Single Turn 1 | . . . . 1 . . . . . . 1 Machines Repaired . | . . . . . . . . . . . . Machines Dismantled . | . . . . . . . . . . . . Machines Sabotaged . | . . . . . . . . . . . . Overloaded Fab Kills . | . . . . . . . . . . . . Hacking | -11 -10 -10 -7 -5 -4 -4 -4 -3 -2 -2 -1 --------- Run | Yrd Mat Sub Scr Fac Fac Upp Upp Res Res DSF Acc Machines Accessed 25 | . 8 . 3 5 3 2 . . 1 . 3 Terminals 14 | . 8 . . 3 . . . . 1 . 2 Fabricators 1 | . . . . . . . . . . . 1 Repair Stations . | . . . . . . . . . . . . Recycling Units 1 | . . . . . 1 . . . . . . Scanalyzers 2 | . . . . . 2 . . . . . . Garrison Access 2 | . . . . 2 . . . . . . . Total Hacks 60 | . 26 . 8 9 9 3 . . 1 . 4 Successful 29 | . 13 . 8 . 3 3 . . 1 . 1 Failed 31 | . 13 . . 9 6 . . . . . 3 Catastrophic 8 | . 1 . . 3 2 . . . . . 2 Database Lockouts . | . . . . . . . . . . . . Manual 34 | . 25 . . 5 3 . . . . . 1 Terminals 35 | . 26 . . 6 . . . . 1 . 2 Fabricators 2 | . . . . . . . . . . . 2 Repair Stations . | . . . . . . . . . . . . Recycling Units 3 | . . . . . 3 . . . . . . Scanalyzers 6 | . . . . . 6 . . . . . . Garrison Access 3 | . . . . 3 . . . . . . . Terminal Hacks 13 | . 1 . 8 . . 3 . . 1 . . Record 10 | . 1 . 7 . . 2 . . . . . Open Door 1 | . . . . . . 1 . . . . . Open DSF 1 | . . . . . . . . . 1 . . Proto ID Catalog 1 | . . . 1 . . . . . . . . Fabricator Hacks 1 | . . . . . . . . . . . 1 Build 1 | . . . . . . . . . . . 1 Repair Station Hacks . | . . . . . . . . . . . . Recycling Unit Hacks . | . . . . . . . . . . . . Scanalyzer 2 | . . . . . 2 . . . . . . Retrieve Study 2 | . . . . . 2 . . . . . . Garrison Access Hacks . | . . . . . . . . . . . . Unauthorized Hacks 12 | . 12 . . . . . . . . . . Terminals 12 | . 12 . . . . . . . . . . Track 1 | . 1 . . . . . . . . . . Assimilate 5 | . 5 . . . . . . . . . . Botnet 5 | . 5 . . . . . . . . . . Operators 1 | . 1 . . . . . . . . . . Fabricators . | . . . . . . . . . . . . Repair Stations . | . . . . . . . . . . . . Recycling Units . | . . . . . . . . . . . . Scanalyzers . | . . . . . . . . . . . . Garrison Access . | . . . . . . . . . . . . Data Cores Recovered . | . . . . . . . . . . . . Used . | . . . . . . . . . . . . Hacking Detections 18 | . 7 . . 5 3 . . . . . 3 Full Trace Events 6 | . 1 . . 2 3 . . . . . . Feedback Events . | . . . . . . . . . . . . Feedback Blocked . | . . . . . . . . . . . . Robot Schematics Acquired . | . . . . . . . . . . . . Robots Built 2 | . . . . . . . . . . . 2 Authchips . | . . . . . . . . . . . . Time 50 | . . . . . . . . . . . 50 Total Robot Build Rating 10 | . . . . . . . . . . . 10 Part Schematics Acquired . | . . . . . . . . . . . . Parts Built . | . . . . . . . . . . . . Authchips . | . . . . . . . . . . . . Time . | . . . . . . . . . . . . Total Part Build Rating . | . . . . . . . . . . . . Part Studies Acquired 2 | . . . . . 2 . . . . . . Parts Repaired . | . . . . . . . . . . . . Time . | . . . . . . . . . . . . Parts Recycled . | . . . . . . . . . . . . Recycled Matter . | . . . . . . . . . . . . Retrieved Matter . | . . . . . . . . . . . . Retrieved Components . | . . . . . . . . . . . . Parts Scanalyzed . | . . . . . . . . . . . . Part Schematics Acquired . | . . . . . . . . . . . . Parts Damaged . | . . . . . . . . . . . . Bothacking | -11 -10 -10 -7 -5 -4 -4 -4 -3 -2 -2 -1 ------------ Run | Yrd Mat Sub Scr Fac Fac Upp Upp Res Res DSF Acc Used RIF Installer . | . . . . . . . . . . . . Robots Hacked . | . . . . . . . . . . . . Non-combat . | . . . . . . . . . . . . Combat . | . . . . . . . . . . . . Robot Hacks Applied . | . . . . . . . . . . . . Relay Couplers Released . | . . . . . . . . . . . . Fabnet Peak Effective % . | . . . . . . . . . . . . Robots Rewired 1 | . . . . . . 1 . . . . . Allies Hacked 1 | . . . . . . . . . . . 1 Hacks Repelled . | . . . . . . . . . . . . Allies | -11 -10 -10 -7 -5 -4 -4 -4 -3 -2 -2 -1 -------- Run | Yrd Mat Sub Scr Fac Fac Upp Upp Res Res DSF Acc Total Allies 3 | . . . . . . 1 . . . . 2 Largest Group 2 | . . . . . . 1 1 . . . 2 Highest-Rated Group 28 | . . . . . . 12 12 . . . 28 Highest-Rated Ally 14 | . . . . . . 12 12 . . . 14 Total Orders 6 | . . . . . . 4 . 2 . . . EXPLORE 6 | . . . . . . 4 . 2 . . . Ally Attacks 10 | . . . . . . 8 1 . . . 1 Total Damage 122 | . . . . . . 107 15 . . . . Kills 2 | . . . . . . 2 . . . . . Allies Corrupted . | . . . . . . . . . . . . Allies Melted . | . . . . . . . . . . . . Intel | -11 -10 -10 -7 -5 -4 -4 -4 -3 -2 -2 -1 ------- Run | Yrd Mat Sub Scr Fac Fac Upp Upp Res Res DSF Acc Active Infowar (turns) 1683 | . . . . 347 14 792 146 280 81 23 . Optics 1336 | . . . . . 14 792 146 280 81 23 . Decoding 347 | . . . . 347 . . . . . . . Robot Analysis Total . | . . . . . . . . . . . . Derelict Logs Recovered 2 | . . . . . . 1 1 . . . . Drone Launches 9 | . . . . . . 7 . 2 . . . Drone Recoveries 8 | . . . . . . 6 . 2 . . . Decoded 0b10 Intel 7 | . . . . 7 . . . . . . . Traps 3 | . . . . 3 . . . . . . . Emergency Access 4 | . . . . 4 . . . . . . . Exploration | -11 -10 -10 -7 -5 -4 -4 -4 -3 -2 -2 -1 ------------- Run | Yrd Mat Sub Scr Fac Fac Upp Upp Res Res DSF Acc Turns Passed 6279 | 76 1265 490 2175 383 135 792 146 280 81 41 415 Spaces Moved 4277 | 46 495 231 1061 467 254 572 92 392 169 55 443 Core 198 | 14 . . 10 29 . . . 49 14 38 44 Treads 1615 | 32 495 6 946 134 . . . . . . 2 Legs 1073 | . . 225 105 . 1 569 92 81 . . . Wheels . | . . . . . . . . . . . . Hover 569 | . . . . . . . . . 155 17 397 Flight 822 | . . . . 304 253 3 . 262 . . . Fastest Speed 28 | 50 160 190 140 35 35 45 97 28 40 46 46 Average Speed 124 | 129 188 191 202 70 46 96 158 65 43 61 54 Slowest Speed 600 | 160 240 240 600 180 90 97 177 192 50 120 145 Overloaded Moves 102 | . . . . . . . . . . . 102 Propulsion Burnouts . | . . . . . . . . . . . . Robots Hopped 26 | . . . . 14 . . . 12 . . . Potential Cave-ins 3 | . . 3 . . . . . . . . . Cave-ins Triggered . | . . . . . . . . . . . . Exploration Rate (%) 36 | 3 81 13 83 18 9 82 19 20 10 84 18 Regions Visited 11 Branch Regions 4 Pre-discovered Areas . | . . . . . . . . . . . . Known Exits Taken 5 | . 1 1 1 . . . . 1 1 . . Unknown Exits Taken 5 | 1 . . . 1 1 1 1 . . . . Scrap Searched 6 | . . . 2 . . 3 1 . . . . Spaces Dug . | . . . . . . . . . . . . Terrain Destroyed 147 | . 21 93 . 27 . . . . . . 6 Melee . | . . . . . . . . . . . . Projectile 1 | . . . . . . . . . . . 1 AOE 146 | . 21 93 . 27 . . . . . . 5 Terrain Rammed . | . . . . . . . . . . . . Walls Destroyed . | . . . . . . . . . . . . Machines Disabled . | . . . . . . . . . . . . Actions | -11 -10 -10 -7 -5 -4 -4 -4 -3 -2 -2 -1 --------- Run | Yrd Mat Sub Scr Fac Fac Upp Upp Res Res DSF Acc Total 5050 | 59 745 251 1088 489 268 803 92 410 174 61 610 Wait 539 | 3 188 . . . 1 202 . . . . 145 Move 4221 | 45 494 230 1060 442 253 571 91 370 168 54 443 Hop 19 | . . . . 10 . . . 9 . . . Pick Up 37 | 4 9 . 11 4 2 7 . . . . . Fast Attach 47 | 5 2 . 3 5 7 4 1 7 4 . 9 Attach 28 | 1 2 2 . 14 . 6 . 1 1 1 . Detach 17 | . . . 2 4 1 . . 8 1 1 . Swap 10 | 1 3 2 2 1 . 1 . . . . . Drop 37 | . 2 . 10 1 3 . . 15 . 1 5 Fire 84 | . 45 17 . 7 . 5 . . . 4 6 Melee 1 | . . . . . 1 . . . . . . Ram 2 | . . . . . . . . . . . 2 Kick . | . . . . . . . . . . . . Crush . | . . . . . . . . . . . . Escape Stasis . | . . . . . . . . . . . . Rewire 7 | . . . . . . 7 . . . . . Trap . | . . . . . . . . . . . . Miscellaneous 1 | . . . . 1 . . . . . . . Route ------- -11/Scrapyard -10/Materials (discovered 4 exits: [*Mat x2] / [*Min] / *Sub) -10/Subcaves -7/Scraptown (discovered 2 exits: *Fac x2) -5/Factory -4/Factory -4/Upper Caves -4/Upper Caves -3/Research -2/Research -2/DSF -1/Access History --------- Turn | Location | Event 9 | -11/Scrapyard | Discovered new exit (range 15) 77 | -11/Scrapyard | Entered Materials 318 | -10/Materials | Build established: Mutant 542 | -10/Materials | Discovered new exit (range 8) 773 | -10/Materials | Discovered new exit (range 10) 1190 | -10/Materials | Discovered new exit (range 7) 1317 | -10/Materials | Discovered new exit (range 11) 1340 | -10/Materials | Identified exit to Subcaves 1342 | -10/Materials | Entered Subcaves 1343 | -10/Subcaves | Approached by a straggling Scientist 1348 | -10/Subcaves | Ambushed by Subdwellers from Twisted Machinery 1446 | -10/Subcaves | Core integrity fell below 50% 1780 | -10/Subcaves | Scientist uncovered a shortcut to Scraptown 1819 | -10/Subcaves | Ambushed by Subdweller buried in earth 1827 | -10/Subcaves | Core integrity fell below 20% 1831 | -10/Subcaves | Identified exit to Scraptown 1832 | -10/Subcaves | Entered Scraptown 2233 | -7/Scraptown | Discovered new exit (range 11) 2386 | -7/Scraptown | Visited Red Mages 2473 | -7/Scraptown | Visited UFD Registry 2473 | -7/Scraptown | Registered with UFD as "Softnade" 2503 | -7/Scraptown | Visited Shadow of the Wyrm 2528 | -7/Scraptown | Visited Fellowship of the Rings 2556 | -7/Scraptown | Visited Cave Peace 2738 | -7/Scraptown | Visited Awakened 2863 | -7/Scraptown | Visited Spacefarers 2906 | -7/Scraptown | Visited TADAMA 2941 | -7/Scraptown | Heard Great Nut preacher, LISTEN AND RECITE! 3230 | -7/Scraptown | Visited Science Guys 3283 | -7/Scraptown | Visited Derelict Rescue Squad 3293 | -7/Scraptown | Found DRS Beacon 3324 | -7/Scraptown | Visited Junk Repository 3461 | -7/Scraptown | Visited Abandonware Association 3477 | -7/Scraptown | Learned abandonware demo "REVENGE.EXE" 3517 | -7/Scraptown | Visited Supply Room 3593 | -7/Scraptown | Visited Curators Association 3649 | -7/Scraptown | Visited Infowarlord's Domain 3858 | -7/Scraptown | Visited Modified Component R&D 3974 | -7/Scraptown | Found Scrap Suit 4004 | -7/Scraptown | Discovered new exit (range 3) 4006 | -7/Scraptown | Identified exit to Factory 4007 | -7/Scraptown | Entered Factory 4007 | -5/Factory | Evolved 10 slots: Power x1, Propulsion x2, Utility x7 4195 | -5/Factory | Garrison activated, responded to threat 4284 | -5/Factory | Lost 10 parts (1p4n2u3w) 4341 | -5/Factory | Core integrity fell below 50% 4383 | -5/Factory | Core integrity fell below 20% 4386 | -5/Factory | Discovered new exit (range 11) 4387 | -5/Factory | Lost 10 parts (1p4n4u1w) 4390 | -5/Factory | Entered another Factory area 4390 | -4/Factory | Evolved 2 slots: Utility x2 4442 | -4/Factory | Spotted B-86 Titan 4522 | -4/Factory | Discovered new exit (range 5) 4525 | -4/Factory | Entered Upper Caves 4588 | -4/Upper Caves | Learned Research security intel 4727 | -4/Upper Caves | Entered a destroyed Warlord outpost 4904 | -4/Upper Caves | Build established: Derelict-Mutant 4911 | -4/Upper Caves | Discovered new exit (range 10) 5317 | -4/Upper Caves | Entered another Upper Caves area 5317 | -4/Upper Caves | Accompanied by 1 ally 5375 | -4/Upper Caves | Learned 8 Research zone layouts 5380 | -4/Upper Caves | Discovered new exit (range 12) 5463 | -4/Upper Caves | Entered Research 5463 | -3/Research | Evolved 2 slots: Utility x1, Weapon x1 5464 | -3/Research | Identified exit to Research 5646 | -3/Research | Spotted B-86 Titan 5743 | -3/Research | Entered another Research area 5743 | -2/Research | Evolved 2 slots: Utility x2 5750 | -2/Research | Lost 5 parts (4n1u) 5823 | -2/Research | Identified exit to DSF 5824 | -2/Research | Entered DSF 5855 | -2/DSF | Core integrity fell below 50% 5856 | -2/DSF | Additional patrols routed to DSF 5858 | -2/DSF | Discovered new exit (range 14) 5865 | -2/DSF | Entered Access 5865 | -1/Access | Evolved 2 slots: Propulsion x1, Utility x1 5878 | -1/Access | Lost 4 parts (2n2u) 5921 | -1/Access | Fabricated E-15 Imp (x2) 5984 | -1/Access | Build established: Mutant 6207 | -1/Access | System corruption reached 10% 6211 | -1/Access | Core integrity fell below 50% 6270 | -1/Access | Core integrity fell below 20% 6280 | -1/Access | Destroyed by G-73 Enforcer with Heavy Laser Last Messages --------------- 06209_ K-01 Serf collects debris. 06216_ Slug penetrates Wall. 06219_ Penetrated by Slug. 06224_ ALERT: Potential suspicious activity detected, Programmers report to Access Zone 8Q. 06238_ Penetrated by Slug. 06238_ Slug penetrates Wall. 06239_ K-01 Serf cleans the TF Node. 06245_ MAYG0P,JWW CT8Y51ZKCZT,&EZKMOIFRY3O 06247_ Dropped Broken Gyrokinetic Inverter. 06247_ Dropped Gyrokinetic Inverter. 06260_ System corrupted: Matter fused (-5). 06266_ Penetrated by Slug. 06272_ Knocked back. 06274_ G-73 Enforcer destroyed. 06276_ Knocked back. 06276_ K-01 Serf collects debris. 06278_ Penetrated by Slug. 06278_ Slug penetrates Wall. Map ----- +----------------------------------------------------+ | | | | | | | | | | | | | | | | | | | | | | | | | | | | | | | | | | | | | | | | | | | | | ??????????????????????????????????????????? | | ??????????????????????????????????????????? | | ??????????????????????######??????????????? | | ??????????????????????# [@=#??????######### | | ??????????????????????# !b=#?????? # | | ??????????????????????# g==#?????? # | | ???????????????????#### Y= #?????# # | | ???????????????????? #=%! #?????# # | | ????????????????????# # p g#?????# # | | ????????????????????# # k !#?????# # | | ??????????######????# + ####### # | | ??????????# ??# # # # # | | ??????????# # ###### # # | | ??????????# " + " + # | | ??????###?# """ # ## # # | | ????? #?? """? # ## !# # | | ????? #?? ?? ?# ####/### # | | ???? #??? ???? ?# ## # # | | ???? #???????????# + # # | | #?? ]# ??????????# ## # # | | ### # ??????????# ###### # # | | + # ??????????# #????#] # # | | # # # ??????????# #????# ########## | | # # =# ??????????# #????# #????????? | | # #? # ??????????# #????#######????????? | | # #? # ????####### ###?????????????????? | | # #?? !# #??? # #?????????????????? | | # #??#### #??? # ###### #??????? | +----------------------------------------------------+ Best States ------------- Heat Dissipation 52 Coolant Potential 100 Energy Generation 35 Energy Capacity 540 Matter Stores 300 Matter Capacity 300 Sight Range 22 Terrain Scan Density 10 Base Temperature (-) 150 Armor Coverage 150 Resistance: KI 30 Propulsion Shielding 66 Utility Shielding 33 Evasion (%) 73 Core Analysis 6 Recoil Reduction 4 Offensive Hacking 12 Item Schematics ----------------- None Robot Schematics ------------------ None Fabricated ------------ E-15 Imp | x2 | -1/Access | Preloaded Repaired ---------- Nothing Studied --------- VTOL Module | -4/Factory | Hacked Myomer Leg | -4/Factory | Hacked Alien Tech Used ----------------- None Achievements -------------- Nice Directions, Buddy Window Shopping Challenges ------------ None Game ------ Seed SalvagingPoweredTrident Manual? 0 Play Time 01:02:17 Cumulative 88.6 hours Start 2025.12.25 @ 23:21:01 End 2025.12.26 @ 00:29:51 Sessions 1 Manual Loads 0 Difficulty Rogue Special Mode None Game No. 100 Rogue 100 Adventurer 0 Explorer 0 Win Type - Total 3 Types 3/0/0/0/0/0/0/0/0/0 Lore% 55 Gallery% 46 Achievement% 30 Wizard Run 0 Options --------- Layout 1 ASCII 0 Keyboard 1 Movement Vi Keybinds 0 Fullscreen 2 Font 24/Terminus Map View 50x35 Zoom Use 0% Tactical HUD 1 Map Filters NONE Filters NONE Steam 1 RUN: 208367f0-7724-4c5d-b394-026be9ca9e8c